 Dungeon Crawl Stone Soup version 0.18.1-5-g4a78601 (webtiles) character file.

1750468 SillyWilly the End of an Era (level 27, 229/273 HPs)
             Began as a Minotaur Fighter on May 9, 2016.
             Was the Champion of Qazlal.
             Escaped with the Orb
             ... and 3 runes on May 10, 2016!
             The game lasted 04:02:27 (70877 turns).

SillyWilly the End of an Era (Minotaur Fighter)    Turns: 70877, Time: 04:02:27

Health: 229/273    AC: 37    Str: 24    XL:     27
Magic:  39/39      EV: 26    Int:  5    God:    Qazlal [******]
Gold:   8121       SH: 32    Dex: 28    Spells: 0 memorised, 26 levels left

rFire  + . .     SeeInvis .     a - +9 war axe (flame)
rCold  + + .     Gourm    .     X - +5 plate armour of Xom's Regard {rPois Dex+2 Slay+2}
rNeg   + + +     Faith    +     c - +5 shield
rPois  +         Spirit   .     Y - +0 hat "Uteurur" {rC+ Dex+4}
rElec  .         Dismiss  .     e - +1 cloak of Experimentation {rN+ Slay+3 Stlth+}
rCorr  .         Reflect  .     b - +1 pair of gloves of Supple Strength {rN++}
SustAt .         Harm     .     t - +2 pair of boots
MR     ++...     Rnd*Rage +     y - amulet of faith
Stlth  ..........               N - ring of protection from fire
                                A - ring of protection from cold

@: very slightly contaminated, hasted (expiring), repel missiles, very quick,
very resistant to hostile enchantments, extremely unstealthy
A: retaliatory headbutt, horns 2, agile 1, berserk 1
a: Upheaval, Elemental Force, Disaster Area, Renounce Religion
0: Orb of Zot
}: 3/15 runes: decaying, silver, gossamer


You escaped.
You worshipped Qazlal.
Qazlal was exalted by your worship.
You were not hungry.

You visited 9 branches of the dungeon, and saw 51 of its levels.
You visited the Abyss 5 times.
You also visited: Bailey.

You collected 8121 gold pieces.

Inventory:

Hand Weapons
 a - a +9 war axe of flaming (weapon)
Armour
 b - the +1 pair of gloves of Supple Strength (worn) {rN++}
   (You found it on level 3 of the Elven Halls)

   It greatly protects you from negative energy.
 c - a +5 shield (worn)
 e - the +1 cloak of Experimentation (worn) {rN+ Slay+3 Stlth+}
   (You found it on level 8 of the Lair of Beasts)

   It affects your accuracy and damage with ranged weapons and melee attacks
   (+3).
   It protects you from negative energy.
   It makes you more stealthy.
 t - a +2 pair of boots (worn)
 X - the +5 plate armour of Xom's Regard (worn) {rPois Dex+2 Slay+2}
   (You found it on level 1 of the Depths)

   It affects your dexterity (+2).
   It affects your accuracy and damage with ranged weapons and melee attacks
   (+2).
   It protects you from poison.
 Y - the +0 hat "Uteurur" (worn) {rC+ Dex+4}
   (You found it on level 2 of the Depths)

   It affects your dexterity (+4).
   It protects you from cold.
Jewellery
 k - an uncursed ring of see invisible
 p - an uncursed ring of sustain attributes
 x - the macabre finger necklace {rN+}
   (You took it off a deep elf demonologist on level 3 of the Elven Halls)

   [amulet of nothing]

   It protects you from negative energy.
 y - an amulet of faith (around neck)
 z - an uncursed ring of poison resistance
 A - a ring of protection from cold (left hand)
 J - an uncursed ring of resist corrosion
 K - an uncursed ring of protection from cold
 N - a ring of protection from fire (right hand)
Wands
 L - a wand of hasting (4/9)
 O - a wand of digging (11/24)
 Z - a wand of hasting (8/9)
Scrolls
 i - 29 scrolls of remove curse
 j - a scroll of silence
 l - 7 scrolls of teleportation
 q - 7 scrolls of fog
 v - a scroll of enchant armour
 w - a scroll of enchant weapon
 C - 9 scrolls of magic mapping
 D - 2 scrolls of amnesia
 F - 6 scrolls of brand weapon
 M - 3 scrolls of recharging
 Q - 3 scrolls of fear
 U - 8 scrolls of identify
Potions
 h - 2 potions of heal wounds
 m - 11 potions of might
 n - 6 potions of brilliance
 o - 3 potions of magic
 r - 4 potions of agility
 B - a potion of cancellation
 E - 3 potions of haste
 H - 4 potions of flight
 I - 12 potions of curing
 T - a potion of berserk rage
 W - 4 potions of invisibility (quivered)
Comestibles
 f - 13 bread rations
 g - a slice of pizza
 G - 19 meat rations
 P - 8 beef jerkies
 R - 15 royal jellies
 S - 32 fruits


   Skills:
 O Level 27 Fighting
 - Level 16.0 Axes
 + Level 26.1 Armour
 + Level 19.6 Dodging
 + Level 23.6 Shields
 O Level 27 Invocations


You had 26 spell levels left.
You didn't know any spells.

Dungeon Overview and Level Annotations

Branches:
Dungeon (15/15)              Lair (8/8) D:11          Swamp (4/4) Lair:5
 Spider (4/4) Lair:4          Orc (2/2) D:10            Elf (3/3) Orc:2
 Vaults (5/5) D:14          Crypt (0/3) Vaults:3     Depths (5/5) D:15
    Zot (5/5) Depths:5
 Temple: D:4-7        Slime: Lair:6-8

Altars:
Dithmenos
Elyvilon
Fedhas
Kikubaaqudgha
Nemelex Xobeh
Qazlal
Ru
Trog
Xom
Yredelemnul
The Shining One
Lugonu

Shops:
D:8 ?   D:12 !   Orc:2 ![}*   Elf:2 %   Vaults:3 (   Depths:4 !

Portals:
Hell: Depths:1 Depths:2 Depths:3 Depths:4
Abyss: Depths:1 Depths:3 Depths:4
Pandemonium: Depths:2 Depths:3 Depths:4 Depths:5
Ziggurat: Depths:4

Annotations:
D:5 exclusion: downstairs
D:6 Whaleporn's ghost, novice MfFE
Lair:6 exclusion: 2 oklob plants
Elf:2 3 runed doors
Depths:2 2 exclusions


Innate Abilities, Weirdness & Mutations

You reflexively headbutt those who attack you in melee.
You have a pair of horns on your head.
You are agile. (Dex +2)
You tend to lose your temper in combat.


Message History

You headbutt the hell beast!
The hell beast is almost dead.
You block the hell beast's attack. x2
You slice the hell beast!! You burn the hell beast.
You kill the hell beast!
Qazlal accepts your kill.
A ynoxinul comes into view.
You block the ynoxinul's attack.
You hit the ynoxinul. You burn the ynoxinul. You headbutt the ynoxinul!
The ynoxinul is severely wounded.
Your extra speed is starting to run out.
You hit the ynoxinul. You burn the ynoxinul.
You kill the ynoxinul!
Qazlal accepts your kill.
No target in view!
No target in view!
No target in view!
Unknown command.
There is a staircase leading out of the dungeon here.
You have escaped!

#.#....8##.....#
#.......##8....#
##........)....#
###..........##
##..§......#
###..§....#
##.§...##
###...# ##@##
###


There were no monsters in sight!

Vanquished Creatures
  Mara (Depths:2)
  4 orbs of fire (Zot:5)
  3 juggernauts (Depths:3)
  9 ancient liches
  Sojobo (Depths:4)
  Saint Roka (Elf:2)
  6 curse toes
  2 Killer Klowns (Zot:5)
  14 golden dragons
  Nikola (Vaults:3)
  the Enchantress (Depths:2)
  A profane servitor (Abyss:3)
  Jory (Depths:4)
  2 bone dragons
  Arachne (Spider:2)
  3 electric golems (Zot:5)
  Jorgrun (Vaults:5)
  14 tentacled monstrosities
  A Hell Sentinel (Abyss:2)
  An Ice Fiend (D:1)
  29 Orb Guardians
  2 deep elf blademasters (Elf:3)
  6 titans
  4 quicksilver dragons
  4 liches
  3 tentacled starspawn (Abyss:2)
  2 deep elf master archers (Elf:3)
  An azure jelly (Swamp:4)
  6 sphinxes
  A thorn hunter (Swamp:3)
  6 death cobs
  An Executioner (D:11)
  13 tengu reavers
  7 shadow dragons
  6 draconian monks
  18 storm dragons
  Maud (Lair:6)
  3 draconian scorchers
  2 iron dragons
  17 vault wardens
  3 fire giants
  4 ghost moths
  8 frost giants
  5 draconian knights
  5 deep elf sorcerers
  A draconian shifter (Zot:1)
  An angel (Abyss:2)
  Aizul (Depths:1)
  4 draconian zealots
  2 orc warlords
  3 emperor scorpions
  Louise (Spider:1)
  6 draconian callers
  5 deep elf elementalists
  2 war gargoyles (Vaults:5)
  5 spriggan defenders
  A reaper (Zot:5)
  26 ironheart preservers
  3 draconian annihilators
  18 stone giants
  A vampire knight (Depths:3)
  42 very ugly things
  6 black draconians
  15 green draconians
  7 red draconians
  11 deep elf demonologists
  4 salamander stormcallers
  9 purple draconians
  2 lorocyprocas
  10 spark wasps
  7 yellow draconians
  6 mottled draconians
  12 deep elf annihilators
  4 white draconians
  A merfolk javelineer (Depths:3)
  14 ettins
  14 deep elf death magi
  A green death (D:7)
  7 deep elf high priests
  40 vault guards
  An eidolon (Abyss:2)
  A merfolk impaler (Depths:3)
  11 fire dragons
  3 jiangshi (Depths:2)
  A quicksilver dragon zombie (Depths:4)
  8 entropy weavers
  13 yaktaur captains
  12 ogre magi
  5 rakshasas
  2 naga warriors (Abyss:2)
  8 spriggan air magi (Depths:2)
  5 great orbs of eyes
  5 ghost crabs
  3 hell beasts
  26 hydras
  19 ice dragons
  Erolcha (Orc:1)
  A juggernaut simulacrum (Depths:4)
  2 catoblepae
  15 centaur warriors
  A death knight (Vaults:1)
  4 alligators
  12 dancing weapons
  13 deep troll shamans
  16 tengu warriors
  15 death yaks
  6 deep troll earth magi
  A vampire mage (Depths:2)
  5 orc high priests
  9 spriggan berserkers
  10 thrashing horrors (Abyss:2)
  Nergalle (Lair:1)
  A hell knight (Vaults:5)
  12 wretched stars
  3 sun demons (Depths:2)
  5 soul eaters
  16 deep elf knights
  Sonja (D:14)
  8 iron trolls
  2 shadow wraiths
  7 unseen horrors
  37 deep trolls
  A shadow demon (Abyss:2)
  A death drake (shapeshifter) (Elf:3)
  An unseen horror (shapeshifter) (Vaults:5)
  A salamander mystic (Vaults:3)
  2 spriggan druids (Swamp:4)
  A quicksilver dragon simulacrum (Abyss:2)
  2 swamp dragons (Swamp:1)
  A shambling mangrove (Swamp:2)
  8 giant orange brains
  A giant orange brain (shapeshifter) (Vaults:5)
  2 spatial maelstroms (Abyss:2)
  9 skeletal warriors
  A hill giant (shapeshifter) (Vaults:4)
  A lindwurm (Lair:4)
  19 ironbrand convokers
  57 deep elf magi
  31 orb spiders
  23 deep elf archers
  9 hill giants
  2 flayed ghosts
  An anubis guard (shapeshifter) (Vaults:5)
  Pikel (D:5)
  2 phantasmal warriors
  5 orc sorcerers
  16 orc knights
  3 harpies
  13 griffons
  2 necromancers
  5 wizards
  2 oklob plants (Depths:4)
  An orb spider (shapeshifter) (Vaults:3)
  53 ugly things
  4 worldbinders
  A sixfirhy (Abyss:2)
  43 wolf spiders
  16 hornets
  22 large abominations
  37 moths of wrath
  5 manticores
  A salamander (shapeshifter) (Depths:3)
  8 cyclopes
  6 black mambas
  4 salamanders
  A stone giant skeleton (Abyss:2)
  2 orange demons
  20 vault sentinels
  A toenail golem (D:11)
  9 rust devils
  A water nymph (shapeshifter) (Vaults:1)
  4 apocalypse crabs (Abyss:2)
  2 ice statues
  3 elephants (Lair:8)
  A guardian serpent (Abyss:2)
  A torpor snail (Lair:5)
  5 smoke demons
  3 gargoyles (D:11)
  22 spiny frogs
  A kobold demonologist (Vaults:1)
  20 demonic crawlers
  A hellion (Depths:5)
  An efreet (Depths:2)
  3 rime drakes
  51 yaktaurs
  10 komodo dragons
  8 ice devils
  24 starcursed masses
  11 freezing wraiths
  A hellwing (Abyss:2)
  8 ancient zymes (Abyss:2)
  51 jumping spiders
  6 red devils
  A queen bee (Spider:2)
  2 tengu conjurers
  A blink frog (shapeshifter) (Vaults:1)
  2 polar bears (shapeshifter)
  A jumping spider (shapeshifter) (Vaults:4)
  7 trolls
  An iron dragon simulacrum (Depths:2)
  4 polar bears
  43 slime creatures
  A shadow dragon simulacrum (Depths:4)
  28 raiju (Abyss:2)
  12 two-headed ogres
  14 blink frogs
  11 boulder beetles
  A fire giant simulacrum (Vaults:2)
  9 giant leeches
  6 bog bodies
  A frost giant simulacrum (Depths:2)
  5 flying skulls
  17 air elementals
  16 spriggans
  3 wraiths
  6 ynoxinuls
  95 redbacks
  A spriggan (shapeshifter) (Vaults:4)
  35 tarantellas
  8 shadows
  A tarantella (shapeshifter) (Elf:2)
  A redback (shapeshifter) (Vaults:3)
  4 wyverns
  11 water elementals
  5 basilisks
  2 yaks (shapeshifter)
  58 yaks
  13 chaos spawn
  A fire elemental (Elf:2)
  37 vampire mosquitoes
  12 hippogriffs
  2 hungry ghosts
  4 neqoxecs (Abyss:2)
  A harpy simulacrum (Vaults:1)
  6 insubstantial wisps (Swamp:3)
  4 swamp worm simulacra (Swamp:4)
  A spatial vortex (Abyss:2)
  3 mottled dragons
  A mottled dragon (shapeshifter) (Abyss:2)
  24 swamp worms
  2 soldier ants (D:10)
  6 wargs
  2 nagas (Abyss:2)
  A soldier ant (shapeshifter) (Vaults:4)
  A giant eyeball (shapeshifter) (Vaults:2)
  14 swamp drakes
  12 water moccasins
  15 hydra simulacra (Swamp:4)
  A giant eyeball (Depths:4)
  10 hell hounds
  58 orc warriors
  12 porcupines
  A sky beast (shapeshifter) (Abyss:2)
  2 black bears
  A slave (D:5)
  2 phantoms
  8 sky beasts
  4 ice beasts
  4 wolves (Lair:8)
  23 wasps
  35 centaurs
  11 boggarts
  A boggart (shapeshifter) (Abyss:2)
  A wolf (shapeshifter) (Abyss:2)
  53 ogres
  A crocodile (shapeshifter) (Vaults:1)
  A centaur (shapeshifter) (Abyss:2)
  2 big kobolds (shapeshifter)
  13 crocodiles
  3 elf zombies (Elf:1)
  2 gnoll sergeants
  18 giant frogs
  A giant frog (shapeshifter) (Abyss:2)
  2 earth elementals
  A human simulacrum (Depths:2)
  A water moccasin zombie (D:7)
  5 scorpions
  A killer bee (shapeshifter) (Vaults:5)
  20 killer bees
  13 wights
  A howler monkey (shapeshifter) (Abyss:2)
  3 howler monkeys
  13 electric eels
  8 crimson imps
  A giant frog zombie (D:8)
  2 lava snakes (D:15)
  3 centaur zombies
  2 quasits (Abyss:2)
  6 hounds
  21 orc priests
  3 giant frog skeletons
  4 jellies
  5 centaur skeletons
  3 iron imps
  29 orc wizards
  Crazy Yiuf (D:5)
  11 iguanas
  A worker ant (shapeshifter) (Abyss:2)
  5 worker ants
  29 sheep
  A sheep (shapeshifter) (Abyss:2)
  42 small abominations
  2 hound zombies
  3 hound skeletons
  Robin (D:2)
  11 adders
  A gnoll (shapeshifter) (Abyss:2)
  2 river rats (shapeshifter) (Abyss:2)
  8 gnolls
  A howler monkey skeleton (D:10)
  70 river rats
  3 white imps
  5 ufetubi
  An ooze (shapeshifter) (Abyss:2)
  4 swamp drake simulacra (Swamp:4)
  An adder zombie (D:8)
  3 adder skeletons
  2 worms
  8 giant geckos
  116 orcs
  2 bats (shapeshifter) (Abyss:2)
  4 giant cockroaches
  15 goblins
  9 hobgoblins
  A jackal (shapeshifter) (Abyss:2)
  6 jackals
  7 kobolds
  A kobold (shapeshifter) (Abyss:2)
  3 quokkas
  2 ball pythons
  4 bats
  A giant newt (D:7)
  A jackal zombie (D:6)
  2 quokka zombies
  7 rats
  A rat (shapeshifter) (Abyss:2)
  A briar patch (Swamp:3)
  2 bushes
  3 crawling corpses
  7 fire vortices
  95 fungi
  2 lurking horrors (Abyss:2)
  51 plants
3088 creatures vanquished.

Vanquished Creatures (collateral kills)
  A fire giant (Depths:4)
  An emperor scorpion (Spider:2)
  A fire dragon (Depths:4)
  An ice dragon (Swamp:4)
  4 death yaks
  An iron dragon zombie (Depths:4)
  A spriggan skeleton (Depths:4)
  A spiny frog (Lair:8)
  3 jumping spiders (Spider:2)
  A redback (Spider:2)
  A wraith (Abyss:2)
  A crocodile (Lair:8)
  5 killer bees (Spider:2)
  4 river rats (Lair:8)
  2 orcs (Orc:2)
28 creatures vanquished.

Vanquished Creatures (others)
  A ghost moth (Spider:4)
  A deep elf elementalist (Abyss:2)
  A very ugly thing (Vaults:5)
  A salamander stormcaller (Vaults:4)
  An ogre mage (Depths:3)
  A deep elf mage (Elf:2)
  An orb spider (Spider:4)
  An ugly thing (Vaults:4)
  A spatial vortex (Abyss:2)
  A swamp worm (Swamp:4)
  A slave (D:5)
  2 ogres (Vaults:5)
  A wasp (Swamp:1)
  A boggart (Depths:1)
  A crimson imp (D:5)
  A worker ant (D:5)
  An ufetubus (Vaults:4)
  An orc (Orc:2)
  2 briar patches (Swamp:3)
  19 fungi
  A lurking horror (Abyss:2)
  11 plants
  14 starspawn tentacles (Abyss:2)
  108 starspawn tentacle segments (Abyss:2)
174 creatures vanquished.

Grand Total: 3290 creatures vanquished

Notes
Turn   | Place    | Note
--------------------------------------------------------------
     0 | D:1      | SillyWilly the Minotaur Fighter began the quest for the Orb.
     0 | D:1      | Reached XP level 1. HP: 19/19 MP: 0/0
   365 | D:1      | Reached XP level 2. HP: 27/27 MP: 1/1
   534 | D:2      | Noticed Robin
   546 | D:2      | Killed Robin
   546 | D:2      | Reached XP level 3. HP: 26/34 MP: 2/2
   692 | D:2      | Found a faded altar to an unknown god.
  1473 | D:3      | Reached XP level 4. HP: 41/41 MP: 3/3
  1902 | D:4      | Reached skill level 5 in Fighting
  1934 | D:4      | Reached XP level 5. HP: 48/48 MP: 4/4
  2787 | D:5      | Entered Level 5 of the Dungeon
  2794 | D:5      | Reached XP level 6. HP: 57/57 MP: 5/5
  3102 | D:5      | Noticed a slave
  3103 | D:5      | Noticed a slave
  3104 | D:5      | Noticed a slave
  3105 | D:5      | Noticed Pikel
  3110 | D:5      | Killed a slave
  3111 | D:5      | Noticed a slave
  3116 | D:5      | Killed Pikel
  3116 | D:5      | Reached skill level 5 in Axes
  3116 | D:5      | Reached skill level 5 in Armour
  3116 | D:5      | Reached skill level 5 in Shields
  3116 | D:5      | Reached XP level 7. HP: 57/66 MP: 6/6
  3341 | D:5      | Noticed Crazy Yiuf
  3346 | D:5      | Killed Crazy Yiuf
  3799 | D:5      | Reached XP level 8. HP: 74/74 MP: 7/7
  3863 | D:6      | Noticed Whaleporn's ghost (novice MfFE)
  5143 | D:7      | Reached XP level 9. HP: 77/84 MP: 8/8
  5322 | D:7      | Reached skill level 10 in Fighting
  5651 | D:8      | Found Fiqil's Magic Scroll Shop.
  6034 | D:8      | Found a glowing golden altar of the Shining One.
  6451 | D:9      | Found an ancient bone altar of Kikubaaqudgha.
  6452 | D:9      | Found a white marble altar of Elyvilon.
  6468 | D:9      | Noticed a troll
  6474 | D:9      | Killed a troll
  6527 | D:9      | Found a sparkling altar of Nemelex Xobeh.
  6528 | D:9      | Found a blossoming altar of Fedhas.
  6529 | D:9      | Found a bloodstained altar of Trog.
  6529 | D:9      | Found a shadowy altar of Dithmenos.
  6531 | D:9      | Found a sacrificial altar of Ru.
  6699 | D:9      | Reached XP level 10. HP: 74/96 MP: 9/9
  6729 | D:9      | Killed an unseen horror
  7480 | D:10     | Entered Level 10 of the Dungeon
  7817 | D:10     | Found a staircase to the Orcish Mines.
  8125 | D:10     | Found a stormy altar of Qazlal.
  8130 | D:10     | Became a worshipper of Qazlal Stormbringer
  8142 | D:10     | You fall through a shaft for 3 floors!
  8179 | D:13     | Reached skill level 1 in Invocations
  8313 | D:13     | Noticed a six-headed hydra
  8321 | D:13     | Killed a one-headed hydra
  8321 | D:13     | Reached XP level 11. HP: 78/105 MP: 11/11
  8575 | D:12     | Found Tifupsoi's Distillery.
  8578 | D:11     | Noticed a brown ugly thing
  8828 | D:12     | Reached skill level 10 in Armour
  9373 | D:11     | Noticed a skeletal warrior
  9403 | D:10     | Noticed a hill giant
  9407 | D:10     | Killed a hill giant
  9407 | D:10     | Reached skill level 10 in Shields
  9411 | D:10     | Reached * piety under Qazlal
  9767 | Orc:1    | Entered Level 1 of the Orcish Mines
  9767 | Orc:1    | Noticed Erolcha
  9772 | Orc:1    | Killed Erolcha
  9772 | Orc:1    | Reached skill level 10 in Axes
  9975 | Orc:1    | Noticed an orc high priest
  9976 | Orc:1    | Noticed an orc sorcerer
  9981 | Orc:1    | Killed an orc high priest
  9984 | Orc:1    | Reached skill level 5 in Invocations
  9988 | Orc:1    | Killed an orc sorcerer
 10240 | Orc:2    | Entered Level 2 of the Orcish Mines
 10245 | Orc:2    | Noticed an orc knight
 10253 | Orc:1    | Reached ** piety under Qazlal
 10258 | Orc:1    | Killed an orc knight
 10776 | Orc:1    | Noticed an orc sorcerer
 10838 | Orc:1    | Killed an orc sorcerer
 10873 | Orc:1    | Killed an unseen horror
 11153 | Orc:2    | Noticed a centaur warrior
 11517 | D:11     | Noticed a brown ugly thing
 11526 | D:11     | Killed a brown ugly thing
 11526 | D:11     | Reached XP level 12. HP: 74/115 MP: 15/15
 11731 | D:11     | Noticed a six-headed hydra
 12209 | D:11     | Killed a three-headed hydra
 12514 | D:11     | Reached *** piety under Qazlal
 12748 | D:11     | Found a staircase to the Lair.
 13083 | D:11     | Got a pair of bloodstained gloves
 13229 | D:11     | Identified the cursed +0 pair of gloves of Vonucvei {*Confuse rPois Str+2 Stlth+} (You found it on level 11 of the Dungeon)
 13402 | Lair:1   | Entered Level 1 of the Lair of Beasts
 13402 | Lair:1   | Noticed Nergalle
 13416 | Lair:1   | Killed Nergalle
 13748 | Lair:1   | Reached **** piety under Qazlal
 13921 | Lair:1   | You fall through a shaft!
 14054 | Lair:1   | Got a brightly glowing spear
 14055 | Lair:1   | Identified the +6 spear of the Fulmar {antimagic, Str+5} (You found it on level 1 of the Lair of Beasts)
 14368 | Lair:2   | Reached XP level 13. HP: 124/124 MP: 18/18
 15125 | Lair:3   | Reached ***** piety under Qazlal
 15476 | Lair:3   | Reached XP level 14. HP: 132/132 MP: 19/19
 16504 | Lair:4   | Found a hole to the Spider Nest.
 16513 | Lair:4   | Reached skill level 10 in Invocations
 17095 | Lair:5   | Reached ****** piety under Qazlal
 17226 | Lair:5   | Found a staircase to the Swamp.
 18286 | Lair:6   | Reached skill level 15 in Fighting
 18482 | Lair:6   | Noticed Maud
 18501 | Lair:6   | Killed Maud
 18501 | Lair:6   | Reached XP level 15. HP: 112/141 MP: 22/22
 19267 | Lair:7   | Reached skill level 15 in Axes
 19766 | Lair:8   | Entered Level 8 of the Lair of Beasts
 19794 | Lair:8   | Reached skill level 1 in Dodging
 20051 | Lair:8   | Found a shimmering altar of Xom.
 20686 | Lair:8   | Got a faintly glowing cloak
 20699 | Lair:8   | Identified the +1 cloak of Experimentation {rN+ Slay+3 Stlth+} (You found it on level 8 of the Lair of Beasts)
 20707 | Lair:8   | Got a twitching iron amulet
 20721 | Lair:8   | Identified the amulet of Rationality {+Rage Int+5} (You found it on level 8 of the Lair of Beasts)
 21944 | Orc:2    | Found a staircase to the Elven Halls.
 21968 | Orc:2    | Noticed an orc warlord
 21984 | Orc:2    | Killed an orc warlord
 22355 | Orc:2    | Found Unloacyg's Gadget Boutique.
 22355 | Orc:2    | Found Qivut's Armour Shoppe.
 22357 | Orc:2    | Found Iruqim's Distillery.
 22359 | Orc:2    | Found Qoxe's Assorted Antiques.
 22695 | Swamp:1  | Entered Level 1 of the Swamp
 23511 | Swamp:2  | Reached XP level 16. HP: 105/151 MP: 24/24
 23539 | Swamp:2  | Reached skill level 5 in Dodging
 24435 | Swamp:3  | Noticed a thorn hunter
 24455 | Swamp:3  | Killed a thorn hunter
 25483 | Swamp:4  | Entered Level 4 of the Swamp
 25576 | Swamp:4  | Noticed a tentacled monstrosity
 26318 | Swamp:4  | Killed a tentacled monstrosity
 26318 | Swamp:4  | Reached skill level 15 in Invocations
 28414 | Swamp:4  | Got a decaying rune of Zot
 28632 | Spider:1 | Entered Level 1 of the Spider Nest
 28849 | Spider:1 | Noticed Louise
 28851 | Spider:1 | Cast into level 3 of the Abyss (Louise)
 28915 | Abyss:3  | Noticed a profane servitor
 28934 | Abyss:3  | Killed a profane servitor
 28994 | Abyss:3  | Reached XP level 17. HP: 127/158 MP: 27/27
 29028 | Spider:1 | Escaped the Abyss
 29168 | Spider:1 | Killed Louise
 30938 | Spider:2 | Reached skill level 10 in Dodging
 31503 | Spider:2 | Noticed Arachne
 31519 | Spider:2 | Killed Arachne
 33539 | Spider:4 | Entered Level 4 of the Spider Nest
 34241 | Spider:4 | Reached skill level 15 in Armour
 34248 | Spider:3 | Reached XP level 18. HP: 143/166 MP: 29/29
 35990 | Spider:4 | Got a gossamer rune of Zot
 36995 | D:13     | Got a polished leather armour
 36996 | D:13     | Identified the +1 leather armour "Kogesaf" {rElec rC- rN+ Dex+3 SInv} (You found it on level 13 of the Dungeon)
 37533 | D:14     | Noticed Sonja
 37547 | D:14     | Killed Sonja
 37773 | D:14     | Found a flagged portal.
 37788 | Bailey   | Entered a bailey
 38605 | D:14     | Found a gate to the Vaults.
 38711 | D:15     | Entered Level 15 of the Dungeon
 38997 | D:15     | Reached XP level 19. HP: 174/174 MP: 31/31
 39243 | D:15     | Found a staircase to the Depths.
 39458 | Vaults:1 | Entered Level 1 of the Vaults
 42003 | Vaults:2 | Reached XP level 20. HP: 164/193 MP: 32/32
 43154 | Vaults:3 | Noticed Nikola
 43168 | Vaults:3 | Killed Nikola
 43297 | Vaults:3 | Gained mutation: You are surrounded by a mild repulsion field (EV +2). [potion of mutation]
 43297 | Vaults:3 | Gained mutation: You are weak. (Str -2) [potion of mutation]
 43297 | Vaults:3 | Gained mutation: Armour fits poorly on your strangely shaped body. [potion of mutation]
 43298 | Vaults:3 | Lost mutation: You are weak. (Str -2) [potion of cure mutation]
 43298 | Vaults:3 | Lost mutation: You are surrounded by a mild repulsion field (EV +2). [potion of cure mutation]
 43298 | Vaults:3 | Lost mutation: Armour fits poorly on your strangely shaped body. [potion of cure mutation]
 43376 | Vaults:3 | Found Enwet's Weapon Emporium.
 43415 | Vaults:3 | Found a staircase to the Crypt.
 43415 | Vaults:3 | Found an ancient bone altar of Kikubaaqudgha.
 43415 | Vaults:3 | Found a basalt altar of Yredelemnul.
 45347 | Vaults:4 | Reached XP level 21. HP: 195/209 MP: 34/34
 45910 | Vaults:5 | Entered Level 5 of the Vaults
 45921 | Vaults:5 | Reached skill level 15 in Dodging
 45922 | Vaults:5 | Noticed a golden dragon
 46076 | Vaults:5 | Noticed a golden dragon
 46079 | Vaults:5 | Killed a golden dragon
 46085 | Vaults:5 | Noticed an ancient lich
 46744 | Elf:1    | Entered Level 1 of the Elven Halls
 46922 | Elf:1    | Reached XP level 22. HP: 200/224 MP: 35/35
 46957 | Elf:1    | Cast into level 2 of the Abyss (a wizard)
 47315 | Abyss:2  | Found a corrupted altar of Lugonu.
 47322 | Abyss:2  | Found a corrupted altar of Lugonu.
 47489 | Abyss:2  | Gained mutation: You occasionally shout uncontrollably at your foes. [a neqoxec]
 47522 | Elf:1    | Escaped the Abyss
 47807 | Elf:1    | Identified Sif Muna's Incunabulum of Black Rituals
 48408 | Elf:2    | Found a runed gate.
 48408 | Elf:2    | Found a runed gate.
 48411 | Elf:2    | Found a runed gate.
 48676 | Elf:2    | Found Resya's Food Shop.
 48845 | Elf:2    | Noticed Saint Roka
 48864 | Elf:2    | Killed Saint Roka
 48927 | Elf:3    | Entered Level 3 of the Elven Halls
 49573 | Elf:3    | Cast into level 2 of the Abyss (a deep elf demonologist)
 49619 | Abyss:2  | Reached skill level 15 in Shields
 49896 | Abyss:2  | Reached XP level 23. HP: 134/232 MP: 37/37
 49903 | Abyss:2  | Gained mutation: You are frail (-10% HP). [a neqoxec]
 49904 | Abyss:2  | Gained mutation: You are weak. (Str -2) [a neqoxec]
 49952 | Abyss:2  | Noticed an ancient lich
 49961 | Abyss:2  | Paralysed by an ancient lich for 4 turns
 50024 | Elf:3    | Escaped the Abyss
 50331 | Elf:3    | Identified a scroll of acquirement
 50336 | Elf:3    | Got a faintly humming buckler
 50337 | Elf:3    | Identified the +0 buckler of the Fifty Nights {rF- MP+9 Slay+2} (You acquired it on level 3 of the Elven Halls)
 50344 | Elf:3    | Got a dazzling hand axe {holy}
 50345 | Elf:3    | Identified the +4 hand axe of Subjectivity {holy, *Corrode Int+4 Dex+4} (You took it off a deep elf demonologist on level 3 of the Elven Halls)
 50553 | Elf:3    | Identified the Guide on Venomous Changing
 50625 | Elf:3    | Got a faintly humming plate armour
 50633 | Elf:3    | Got a pair of translucent gloves
 50635 | Elf:3    | Identified the Tome of Moulding and Snow
 50660 | Elf:3    | Identified the cursed +0 plate armour of the Ward {rN+} (You found it on level 3 of the Elven Halls)
 50662 | Elf:3    | Identified the +1 pair of gloves of Supple Strength {rN++} (You found it on level 3 of the Elven Halls)
 50688 | Elf:3    | Got a pitted ring mail
 50689 | Elf:3    | Identified the +1 ring mail of the Frog {+Blink rF+ Int-4 Dex+7} (You found it on level 3 of the Elven Halls)
 51420 | Depths:1 | Entered Level 1 of the Depths
 51709 | Depths:1 | Got a transparent plate armour
 51720 | Depths:1 | Identified the +5 plate armour of Xom's Regard {rPois Dex+2 Slay+2} (You found it on level 1 of the Depths)
 52109 | Depths:1 | Noticed Aizul
 52124 | Depths:1 | Killed Aizul
 52220 | Depths:1 | Found a corrupted altar of Lugonu.
 52220 | Depths:1 | Found a one-way gate to the infinite horrors of the Abyss.
 52651 | Depths:1 | Found a gateway to Hell.
 53310 | Depths:2 | Found a bloodstained altar of Trog.
 53312 | Depths:2 | Found a one-way gate leading to the halls of Pandemonium.
 53485 | Depths:2 | Reached XP level 24. HP: 117/215 MP: 31/38
 53620 | Depths:2 | Noticed Mara
 53621 | Depths:2 | Killed Mara
 53628 | Depths:2 | Lost mutation: You are weak. (Str -2) [potion of cure mutation]
 53628 | Depths:2 | Lost mutation: You occasionally shout uncontrollably at your foes. [potion of cure mutation]
 53628 | Depths:2 | Lost mutation: You are frail (-10% HP). [potion of cure mutation]
 53639 | Depths:2 | Gained mutation: You are somewhat resistant to further mutation. [potion of beneficial mutation]
 53650 | Depths:2 | Found a sparkling altar of Nemelex Xobeh.
 53741 | Depths:2 | Noticed the Enchantress
 53741 | Depths:2 | Killed the Enchantress
 53745 | Depths:2 | Got a faerie dragon armour
 53987 | Depths:1 | Identified the +5 faerie dragon armour {rCorr} (You took it off the Enchantress on level 2 of the Depths)
 54259 | Depths:2 | Paralysed by a great orb of eyes for 5 turns
 54339 | Depths:2 | Got a jewelled hat
 54343 | Depths:2 | Got a distressingly furry large shield
 54361 | Depths:2 | Identified the +0 hat "Uteurur" {rC+ Dex+4} (You found it on level 2 of the Depths)
 54382 | Depths:2 | Identified the +2 large shield "Gakaosekk" {rPois rN+ MR- Str+7} (You found it on level 2 of the Depths)
 54450 | Depths:2 | Found a sacrificial altar of Ru.
 54651 | Depths:2 | Found a stormy altar of Qazlal.
 55219 | Depths:3 | Noticed a juggernaut
 55732 | Vaults:4 | Killed an ancient lich
 55841 | Vaults:5 | Noticed an ancient lich
 55923 | Vaults:5 | Noticed Jorgrun
 56469 | Vaults:5 | Reached XP level 25. HP: 223/247 MP: 38/38
 56469 | Vaults:5 | Killed Jorgrun
 56469 | Vaults:5 | Killed an ancient lich
 56485 | Vaults:5 | Cast into level 2 of the Abyss (an ogre mage)
 56485 | Abyss:2  | Found a corrupted altar of Lugonu.
 56626 | Abyss:2  | Gained mutation: Your magical capacity is extremely low (-30% MP). [a neqoxec]
 56869 | Abyss:2  | Paralysed by accursed screaming for 1 turns
 57011 | Abyss:2  | Paralysed by accursed screaming for 1 turns
 57031 | Vaults:5 | Escaped the Abyss
 57485 | Vaults:5 | Cast into level 2 of the Abyss (an ogre mage)
 57744 | Abyss:2  | Paralysed by accursed screaming for 1 turns
 57766 | Vaults:5 | Escaped the Abyss
 58196 | Vaults:5 | Got a silver rune of Zot
 59033 | Vaults:5 | Got a crude chain mail
 59034 | Vaults:5 | Identified the +8 chain mail of a volcano {+Inv rC++ Regen+ Slay-3} (You found it on level 5 of the Vaults)
 59610 | Depths:3 | Noticed a juggernaut
 59681 | Depths:3 | Noticed a juggernaut
 59983 | Depths:3 | Killed a juggernaut
 59983 | Depths:3 | Killed a juggernaut
 60011 | Depths:3 | Killed a juggernaut
 60665 | Depths:4 | Reached XP level 26. HP: 256/256 MP: 35/35
 61062 | Depths:4 | Found Ufuhocw's Distillery.
 61220 | Depths:4 | Noticed Sojobo
 61227 | Depths:4 | Noticed Jory
 61251 | Depths:4 | Killed Sojobo
 61254 | Depths:4 | Killed Jory
 61278 | Depths:4 | Found a gateway to a ziggurat.
 61734 | Depths:5 | Entered Level 5 of the Depths
 61758 | Depths:5 | Reached skill level 27 in Invocations
 62122 | Depths:5 | Found a gate to the Realm of Zot.
 62153 | Zot:1    | Entered Level 1 of the Realm of Zot
 63420 | Zot:1    | Got a spiked ring mail
 63423 | Zot:1    | Identified the +1 ring mail of Modesty {Str+2} (You found it on level 1 of the Realm of Zot)
 63880 | Zot:2    | Reached XP level 27. HP: 248/266 MP: 25/35
 64676 | Zot:3    | Lost mutation: You are somewhat resistant to further mutation. [potion of cure mutation]
 64676 | Zot:3    | Lost mutation: Your magical capacity is low (-10% MP). [potion of cure mutation]
 67005 | Zot:5    | Entered Level 5 of the Realm of Zot
 67552 | Zot:5    | Noticed an ancient lich
 67565 | Zot:5    | Killed an ancient lich
 67652 | Zot:5    | Noticed an ancient lich
 67671 | Zot:5    | Killed an ancient lich
 67682 | Zot:5    | Noticed an orb of fire
 67684 | Zot:5    | Gained mutation: You are agile. (Dex +2) [an orb of fire]
 67698 | Zot:5    | Killed an orb of fire
 68659 | Zot:5    | Noticed an orb of fire
 68659 | Zot:5    | Gained mutation: You tend to lose your temper in combat. [an orb of fire]
 68662 | Zot:5    | Gained mutation: Your magical capacity is low (-10% MP). [an orb of fire]
 68663 | Zot:5    | Gained mutation: Armour fits poorly on your strangely shaped body. [an orb of fire]
 68667 | Zot:5    | Noticed an ancient lich
 68668 | Zot:5    | Gained mutation: Your muscles are strong. (Str +2) [an orb of fire]
 68675 | Zot:5    | Noticed an ancient lich
 68680 | Zot:5    | Killed an orb of fire
 68680 | Zot:5    | Killed an ancient lich
 68689 | Zot:5    | Killed an ancient lich
 68819 | Zot:5    | Noticed an orb of fire
 68830 | Zot:5    | Gained mutation: You occasionally shout uncontrollably at your foes. [an orb of fire]
 68850 | Zot:5    | Killed an orb of fire
 68949 | Zot:4    | Lost mutation: You occasionally shout uncontrollably at your foes. [potion of cure mutation]
 68949 | Zot:4    | Lost mutation: Armour fits poorly on your strangely shaped body. [potion of cure mutation]
 68949 | Zot:4    | Lost mutation: Your muscles are strong. (Str +2) [potion of cure mutation]
 68949 | Zot:4    | Lost mutation: Your magical capacity is low (-10% MP). [potion of cure mutation]
 69001 | Zot:5    | Noticed an ancient lich
 69002 | Zot:5    | Noticed an ancient lich
 69014 | Zot:5    | Killed an ancient lich
 69028 | Zot:5    | Killed an ancient lich
 69068 | Zot:5    | Noticed an ancient lich
 69086 | Zot:5    | Killed an ancient lich
 69380 | Zot:5    | Noticed an orb of fire
 69397 | Zot:5    | Killed an orb of fire
 69947 | Zot:5    | Got the Orb of Zot
 69970 | Zot:5    | Noticed Fecusm the pandemonium lord
 70194 | Depths:5 | Reached skill level 27 in Fighting
 70563 | D:7      | Noticed Tablocs the pandemonium lord
 70877 | D:$      | Escaped with the Orb!

Skill      XL: |  1  2  3  4  5  6  7  8  9 10 11 12 13 14 15 16 17 18 19 20 21 22 23 24 25 26 27 |
---------------+----------------------------------------------------------------------------------+-----
Fighting       | 4 5 7 9 11 12 13 14 15 16 20 22 24 25 27 | 27.0
Axes           | 3 4 5 7 8 9 10 11 14 15 16 | 16.0
Armour         | 4 5 6 7 8 9 10 11 12 13 15 16 17 18 19 20 21 23 24 26 | 26.1
Shields        | 4 5 6 8 9 10 11 12 13 15 16 18 19 21 23 | 23.6
Invocations    | 2 6 8 9 11 13 15 17 18 19 20 21 22 24 25 26 27 | 27.0
Dodging        | 4 8 11 12 13 14 15 16 19 | 19.6

Action                   |  1- 3 |  4- 6 |  7- 9 | 10-12 | 13-15 | 16-18 | 19-21 | 22-24 | 25-27 || total
-------------------------+-------+-------+-------+-------+-------+-------+-------+-------+-------++-------
Melee: War axe           |    76 |    45 |   284 |   545 |   857 |  1546 |  1177 |  1639 |  1891 ||  8060
       Headbutt          |     4 |    11 |    45 |   154 |   197 |   407 |   365 |   532 |   788 ||  2503
Invok: Elemental Force   |       |       |       |       |     3 |     1 |       |     1 |     1 ||     6
       Upheaval          |       |       |       |       |     7 |    21 |    23 |     9 |    19 ||    79
       Disaster Area     |       |       |       |       |     2 |     6 |     9 |     8 |     8 ||    33
Evoke: Wand              |       |     3 |       |       |       |     4 |     2 |     3 |     4 ||    16
       Phantom mirror    |       |       |       |       |       |       |       |       |     2 ||     2
  Use: Scroll            |     1 |     6 |     4 |    19 |    11 |    18 |     6 |    15 |    20 ||   100
       Potion            |     2 |       |     9 |    12 |     6 |     3 |    16 |     9 |    12 ||    69
 Stab: Paralysed         |       |     5 |       |       |       |       |       |       |       ||     5
       Distracted        |       |       |       |       |     1 |     1 |     2 |     1 |     2 ||     7
       Confused          |       |       |       |       |       |       |       |       |     5 ||     5
  Eat: Chunk             |       |     5 |    11 |     9 |    10 |     5 |    20 |    17 |    13 ||    90
       Pizza             |       |     1 |       |     3 |       |     1 |       |     1 |       ||     6
       Bread ration      |       |       |     1 |     2 |     2 |     6 |     1 |     3 |     7 ||    22
       Royal jelly       |       |       |       |     1 |     1 |       |       |     2 |     2 ||     6
       Beef jerky        |       |       |       |     1 |     1 |     3 |     1 |       |       ||     6
       Meat ration       |       |       |       |       |     1 |     3 |       |       |     1 ||     5
       Fruit             |       |       |       |       |     3 |       |       |       |       ||     3
Armor: Scale mail        |    32 |    12 |   126 |   224 |   156 |    87 |       |       |       ||   637
       Plate armour      |       |       |       |       |       |   319 |   220 |   239 |   386 ||  1164
       Crystal plate arm |       |       |       |       |       |       |       |   125 |       ||   125
       Skin              |       |       |       |       |       |       |       |     1 |       ||     1
Dodge: Dodged            |    22 |    10 |    91 |   112 |   164 |   369 |   235 |   408 |   631 ||  2042
       Deflected         |       |       |       |       |    11 |    25 |    31 |    42 |    40 ||   149
Block: Shield            |    49 |    18 |   139 |   400 |   802 |  1603 |   998 |  1535 |  1939 ||  7483
       Large shield      |       |       |       |       |       |       |       |     1 |       ||     1
